[Event "Gonzaga Classic Masters 2020"]
[Site "Dublin/"]
[Date "2020.01.26"]
[Round "5.14"]
[White "Murray, Benjamin"]
[Black "Manojlovic, Mihailo"]
[Result "0-1"]
[ECO "C18"]
[WhiteElo "1740"]
[BlackElo "2011"]
[Annotator "NA"]
[PlyCount "88"]
[EventDate "2020.01.24"]
[EventType "swiss"]
[EventCountry "IRL"]
[SourceTitle "playchess.com"]
[Source "ChessBase"]
[SourceQuality "1"]
[TimeControl "5400+30"]

1. e4 e6 2. d4 d5 3. Nc3 Bb4 4. e5 c5 5. a3 Bxc3+ 6. bxc3 Ne7 7. Qg4 cxd4 8. Qxg7 Rg8 9. Qxh7 Qc7 10. Ne2 Nbc6 11. f4 dxc3 12. h4 Bd7 13. h5 O-O-O 14. Qd3 Nf5 15. Rb1 d4 16. Rg1 Nh6 17. Ng3 f6 18. exf6 e5 19. Ne4 exf4 20. Be2 Bf5 21. Qb5 Bxe4 22. Bxf4 Qd7 23. Bxh6 Bxc2 24. f7 Qxf7 25. Qxc6+ bxc6 26. Ba6+ Kd7 27. Rb7+ Ke8 28. Rxf7 Kxf7 29. Bc4+ Ke7 30. Bxg8 Rxg8 31. g4 d3 32. Be3 Kd6 33. Bf4+ Kd5 34. Rg2 Re8+ 35. Kf1 Bd1 36. Ra2 Rf8 37. Rf2 Bxg4 38. h6 d2 39. Bxd2 cxd2 40. Rxf8 d1=Q+ 41. Kg2 Qc2+ 42. Kg3 Bf5 43. Rd8+ Kc5 44. Kh4 Qe4+ 0-1

[Event "Gonzaga Classic Masters 2020"]
[Site "Dublin/"]
[Date "2020.01.26"]
[Round "5.16"]
[White "Rush, Stephen"]
[Black "Boland, Dylan"]
[Result "1/2-1/2"]
[ECO "D36"]
[WhiteElo "1987"]
[BlackElo "1836"]
[Annotator "NA"]
[PlyCount "88"]
[EventDate "2020.01.24"]
[EventType "swiss"]
[EventCountry "IRL"]
[SourceTitle "playchess.com"]
[Source "ChessBase"]
[SourceQuality "1"]
[TimeControl "5400+30"]

1. d4 Nf6 2. c4 e6 3. Nc3 d5 4. cxd5 exd5 5. Bg5 c6 6. e3 Be7 7. Bd3 h6 8. Bh4 O-O 9. Qc2 Re8 10. Nf3 Be6 11. O-O Nbd7 12. Rab1 Bd6 13. b4 Rc8 14. Rfc1 Qc7 15. b5 c5 16. dxc5 Bxc5 17. Qb2 Qd6 18. Bg3 Qe7 19. Qd2 Bb4 20. Nd4 Ba3 21. Rc2 Nb6 22. Nxe6 fxe6 23. Ne2 Rxc2 24. Qxc2 Rc8 25. Qd1 Nc4 26. Bxc4 Rxc4 27. Nd4 Ne4 28. Qg4 Nxg3 29. Qxg3 Bd6 30. Qg6 Rxd4 31. exd4 Qf6 32. Qxf6 gxf6 33. Rc1 e5 34. Rc8+ Kf7 35. Rh8 Bf8 36. dxe5 fxe5 37. f4 e4 38. Kf2 Kg7 39. Rxf8 Kxf8 40. Ke3 Kf7 41. Kd4 Kf6 42. a4 b6 43. g3 h5 44. Ke3 Kf5 1/2-1/2

[Event "Gonzaga Classic Masters 2020"]
[Site "Dublin/"]
[Date "2020.01.26"]
[Round "5.17"]
[White "Cafolla, Peter"]
[Black "Putar, Leon"]
[Result "0-1"]
[ECO "C02"]
[WhiteElo "1915"]
[BlackElo "1845"]
[Annotator "NA"]
[PlyCount "114"]
[EventDate "2020.01.24"]
[EventType "swiss"]
[EventCountry "IRL"]
[SourceTitle "playchess.com"]
[Source "ChessBase"]
[SourceQuality "1"]
[TimeControl "5400+30"]

1. e4 e6 2. d4 d5 3. e5 c5 4. c3 Nc6 5. Nf3 Qb6 6. a3 c4 7. Nbd2 Na5 8. Rb1 Bd7 9. Be2 Ne7 10. b4 cxb3 11. Nxb3 Ba4 12. Nxa5 Qxa5 13. Qxa4+ Qxa4 14. Bb5+ Qxb5 15. Rxb5 b6 16. Ke2 Rc8 17. Bd2 Nc6 18. Ra1 Na5 19. a4 Be7 20. Kd3 Kd7 21. Bc1 Rc6 22. Ng1 Rhc8 23. Ne2 Rc4 24. Rbb1 f6 25. f4 fxe5 26. fxe5 Rf8 27. Be3 h6 28. Rf1 Rxa4 29. Rxf8 Rxa1 30. Rg8 Nc4 31. Bc1 a5 32. Rxg7 a4 33. Bxh6 a3 34. Bg5 a2 35. Rxe7+ Kc6 36. Ra7 Na5 37. Nf4 Rd1+ 38. Ke2 a1=Q 39. Nxe6 Re1+ 40. Kf2 Rf1+ 41. Kg3 Qxc3+ 42. Kg4 Nb7 43. Ra8 Kb5 44. Rb8 Qc2 45. Nf4 Qd1+ 46. Kg3 Qxd4 47. Rxb7 Qxe5 48. h4 d4 49. Re7 Qd6 50. Re6 Qa3+ 51. Kh2 Qf8 52. Re5+ Ka6 53. g3 Qa3 54. Re2 Qc1 55. Kg2 Rg1+ 56. Kf3 Qc3+ 57. Ke4 Re1 0-1